 Dungeon Crawl Stone Soup version 0.28-a0-802-g09f76e8c00 (webtiles) character file.

Game seed: 16397318545717190875

219 ders the Firebug (level 5, -18/28 HPs)
             Began as a Gargoyle Fire Elementalist on Nov 7, 2021.
             Killed by an exploding black bear (30 damage)
             ... ignited by their inner flame
             ... on level 3 of the Dungeon.
             The game lasted 00:08:00 (4567 turns).

ders the Firebug (Gargoyle Fire Elementalist)       Turns: 4567, Time: 00:08:01

Health: -18/28     AC:  7    Str: 10 (12) XL:     5   Next: 96%
Magic:  1/10       EV: 11    Int: 13 (16) God:
Gold:   122        SH:  0    Dex:  6 (8)  Spells: 8/11 levels left

rFire   . . .      SeeInvis .   h - +2 short sword (drain)
rCold   . . .      Faith    .   (no shield)
rNeg    + . .      Spirit   .   a - +1 robe
rPois   ∞          Reflect  .   (no helmet)
rElec   +          Harm     .   (no cloak)
rCorr   .          Rampage  .   (no gloves)
Will    .....                   (no boots)
Stlth   +.........              l - amulet of the acrobat
HPRegen 0.09/turn               (no ring)
MPRegen 0.12/turn               (no ring)

@: no status effects
A: sickness immunity, AC +4, negative energy resistance 1, electricity
resistance, torment resistance 1, petrification resistance, fangs 1, clumsy 1
a: no special abilities


You were on level 3 of the Dungeon.
You visited 1 branch of the dungeon, and saw 4 of its levels.

You collected 122 gold pieces.

Inventory:

Hand Weapons
 h - a +2 short sword of draining (weapon)
Armour
 a - a +1 robe (worn)
Jewellery
 l - an amulet of the acrobat (around neck)
Scrolls
 c - a scroll of magic mapping
 k - a scroll of identify
 m - a scroll of vulnerability
Potions
 e - a potion of curing


   Skills:
 + Level 0.1 Fighting
 + Level 0.8 Short Blades
 - Level 1.5 Dodging
 - Level 2.1 Stealth
 + Level 1.1 Unarmed Combat
 + Level 3.6 Spellcasting
 + Level 1.7 Conjurations
 + Level 4.8 Fire Magic


You had 8 spell levels left.
You knew the following spells:

 Your Spells              Type           Power      Damage    Failure   Level
a - Scorch                Fire           28%        2d6       4%          2
b - Foxfire               Conj/Fire      40%        2x1d6     5%          1

Your spell library contained the following spells:

 Spells                   Type           Power      Damage    Failure   Level
 Conjure Flame            Conj/Fire      10%        6-21      17%         3
 Inner Flame              Hex/Fire       8%         N/A       24%         3
 Flame Wave               Conj/Fire      10%        3d4       50%         4
 Petrify                  Tmut/Erth      2%         N/A       91%         4
 Irradiate                Conj/Tmut      2%         3d14      99%         5
 Sublimation of Blood     Necr           Unusable   N/A       N/A         2

Dungeon Overview and Level Annotations

Branches:
Dungeon (4/15)
 Temple: D:4-7

Altars:


Innate Abilities, Weirdness & Mutations

You are immune to sickness and miasma.
Your stone body is resilient. (AC +4)
You are immune to poison.
You resist negative energy. (rN+)
You are resistant to electric shocks. (rElec)
You are resistant to unholy torment.
You are immune to petrification.
You have very sharp teeth.
You are clumsy. (Dex -2)


Message History

As you read the scroll labelled LEGRUWK DICSI, it crumbles to dust.
It is a scroll of enchant armour.
Your +0 robe glows green for a moment.
The black bear is attracted toward you.
Casting: Foxfire (safe; 5% risk of failure)
Confirm with . or Enter, or press ? or * to list all spells.
You conjure some foxfire!
The black bear seems to regain its courage.
The black bear barely misses you. The black bear closely misses you.
The black bear claws you but does no damage.
Casting: Foxfire (safe; 5% risk of failure)
Confirm with . or Enter, or press ? or * to list all spells.
Flames lash the black bear.
Flame seeps out of the black bear.
The black bear is moderately wounded.
The black bear's fire resistance burns away.
The black bear bites you. The black bear claws you.
The black bear completely misses you.
Casting: Scorch (safe; 4% risk of failure)
Confirm with . or Enter, or press ? or * to list all spells.
Flames lash the black bear.
The black bear is burned terribly!
Flame seeps out of the black bear.
The black bear is heavily wounded.
The black bear bites you. The black bear claws you.
The black bear claws you but does no damage.
Unknown command.
Casting: Scorch (safe; 4% risk of failure)
Confirm with . or Enter, or press ? or * to list all spells.
Flames lash the black bear.
The black bear is burned terribly!
Flame seeps out of the black bear.
The black bear is almost dead.
The black bear bites you but does no damage.
The black bear barely misses you. The black bear closely misses you.
You feel less attractive to monsters.
Unknown command.
Casting: Scorch (safe; 4% risk of failure)
Confirm with . or Enter, or press ? or * to list all spells.
Flames lash the black bear.
The black bear is burned terribly!
The black bear explodes!
The fiery explosion engulfs you!!
Ouch! That really hurt!
You die...

#########
#.......#
#####..###..###
...##..###..#.####
##...............#
####..##...#.##.#
#..#......##v#
#.....[.####@#
#####..#####§#
#...)..§.# #######
#.######## #.....#
#.# #.....###.####
.............#
#......##.##.##
#......##.##..##


There were no monsters in sight!

Vanquished Creatures
  A black bear (D:3)
  A scorpion (D:4)
  An orc priest (D:3)
  An iguana (D:3)
  3 adders
  A dart slug (D:2)
  7 orcs (D:3)
  10 endoplasms
  A giant cockroach (D:1)
  5 hobgoblins
  4 jackals (D:1)
  4 kobolds
  2 quokkas
  10 ball pythons
  8 bats
  10 frilled lizards
  5 rats
74 creatures vanquished.

Vanquished Creatures (others)
  90 foxfires
  10 plants (D:2)
100 creatures vanquished.

Grand Total: 174 creatures vanquished

Notes
Turn   | Place    | Note
-------+----------+-------------------------------------------
     0 | D:1      | ders the Gargoyle Fire Elementalist began the quest for the
                  | Orb.
     0 | D:1      | Reached XP level 1. HP: 10/10 MP: 3/3
   198 | D:1      | Reached XP level 2. HP: 8/15 MP: 1/5
   993 | D:1      | Learned a level 2 spell: Scorch
  1037 | D:1      | Reached XP level 3. HP: 19/19 MP: 3/6
  2030 | D:2      | Found a faded altar of an unknown god.
  2107 | D:2      | Reached skill level 4 in Fire Magic
  2827 | D:2      | Reached skill level 1 in Unarmed Combat
  2827 | D:2      | Reached XP level 4. HP: 24/24 MP: 2/7
  3947 | D:3      | Reached XP level 5. HP: 28/28 MP: 4/9
  4530 | D:4      | Noticed a black bear
  4543 | D:4      | Gained mutation: You have very sharp teeth. [potion of
                  | mutation]
  4543 | D:4      | Gained mutation: You are clumsy. (Dex -2) [potion of
                  | mutation]
  4567 | D:3      | Killed a black bear
  4567 | D:3      | Killed by an exploding black bear... ignited by their inner
                  | flame

Illustrated notes

Levels and vault maps discovered:
D:1:      giann_wishing_wells, layout_basic
D:2:      layout_loops_ring, shapermc_ecumenical_altar_flowoftime,
          chequers_serial_rivers_micro_e, minmay_lizard_king
D:3:      layout_loops_cross, chequers_serial_rivers_micro_c,
          nrook_loot_triangle, grunt_decor_clamped, serial_park_tiny_2,
          kennysheep_doodads
D:4:      layout_loops_ring, nicolae_specific_store

Skill      XL: |  1  2  3  4  5 |
---------------+----------------+-----
Fire Magic     | 4 |  4.8
Unarmed Combat | 1 |  1.1
Spellcasting   | 3 |  3.6
Fighting       | |  0.1
Short Blades   | |  0.8
Dodging        | |  1.5
Stealth        | |  2.1
Conjurations   | |  1.7

Action                   |  1- 3 |  4- 6 || total
-------------------------+-------+-------++-------
Melee: Unarmed           |    36 |       ||    36
       Short sword       |     1 |    13 ||    14
 Cast: Foxfire           |    41 |    11 ||    52
       Scorch            |    30 |    31 ||    61
  Use: Scroll            |       |     8 ||     8
       Potion            |       |     5 ||     5
Armor: Robe              |    26 |    28 ||    54
Dodge: Dodged            |    59 |    69 ||   128

Table legend: (Time is in decaauts)
 A = Elapsed time spent in this place.
 B = Non-inter-level travel time spent in this place.
 C = Inter-level travel time spent in this place.
 D = Time resting spent in this place.
 E = Time spent auto-exploring this place.
 F = Levels seen in this place.
 G = Mean time per level.
                   A        B        C        D        E       F      G
               +--------+--------+--------+--------+--------+-----+--------+
         Total |   4572 |   4464 |    108 |   1668 |   2118 |   4 | 1143.0 |
       Dungeon |   4572 |   4464 |    108 |   1668 |   2118 |   4 | 1143.0 |
               +--------+--------+--------+--------+--------+-----+--------+

Top non-repeatable levels by time:
     D:1: 1685 daAuts
     D:2: 1468 daAuts
     D:3: 1327 daAuts
     D:4: 90 daAuts
